 Dungeon Crawl Stone Soup version 0.29.1-1-gd02db6906a (webtiles) character file.

Game seed: 9096435747584372151

686 safid the Shooter (level 7, -3/64 HPs)
             Began as a Minotaur Hunter on Sept 16, 2022.
             Was an Initiate of Okawaru.
             Slain by Maggie
             ... wielding a +0 halberd of flaming
              (4 damage)
             ... on level 6 of the Dungeon.
             The game lasted 00:08:23 (3397 turns).

safid the Shooter (Minotaur Hunter)                 Turns: 3397, Time: 00:08:23

Health: -3/64      AC:  8    Str: 14 (15) XL:     7   Next: 35%
Magic:  6/6        EV: 13    Int:  5 (6)  God:    Okawaru [......]
Gold:   255        SH:  0    Dex: 17 (19) Spells: 6/6 levels left

rFire   + . .      SeeInvis .   a - +0 shortbow
rCold   . . .      Faith    .   (shield currently unavailable)
rNeg    . . .      Spirit   .   y - +3 leather armour of the Wild Haggis {Dex+3}
rPois   .          Reflect  .   (helmet unavailable)
rElec   .          Harm     .   v - +0 cloak
rCorr   .          Rampage  .   (no gloves)
Will    +....                   m - +0 pair of boots
Stlth   ++........              r - amulet of regeneration
HPRegen 1.00/turn               (no ring)
MPRegen 0.10/turn               (no ring)

@: mesmerised, hasted, very quick
A: horns 3, retaliatory headbutt, hooves 1, fire resistance 1, strong-willed 1
a: Renounce Religion


You were on level 6 of the Dungeon.
You worshipped Okawaru.
Okawaru was noncommittal.
You visited 2 branches of the dungeon, and saw 7 of its levels.

You collected 255 gold pieces.

Inventory:

Hand Weapons
 a - a +0 shortbow (weapon)
Missiles
 C - 2 throwing nets
Armour
 m - a +0 pair of boots (worn)
 q - the +1 robe of Qim Sey {Str+7 Int-5 Slay+2 SInv}
   (You found it on level 2 of the Dungeon)

   Str:       It affects your strength (+7).
   Int:       It affects your intelligence (-5).
   Slay:      It affects your accuracy & damage with ranged weapons and melee
   (+2).
   SInv:      It lets you see invisible.
 v - a +0 cloak (worn)
 y - the +3 leather armour of the Wild Haggis (worn) {Dex+3}
   (You found it on level 5 of the Dungeon)

   Dex:       It affects your dexterity (+3).
Jewellery
 r - an amulet of regeneration (around neck)
 B - a +4 ring of evasion
Wands
 A - a wand of acid (8)
 D - a wand of paralysis (3)
 E - a wand of polymorph (11)
Scrolls
 b - a scroll of magic mapping {unknown}
 d - a scroll of enchant armour {unknown}
 e - a scroll of amnesia {unknown}
 f - a scroll of fear {unknown}
 h - 5 scrolls of identify {unknown}
 i - 2 scrolls of silence {unknown}
 l - 4 scrolls of teleportation {unknown}
 n - a scroll of poison {unknown}
 p - 2 scrolls of butterflies {unknown}
 s - a scroll of enchant weapon {unknown}
 z - a scroll of noise {unknown}
Potions
 c - a potion of magic {unknown}
 g - 2 potions of attraction {unknown}
 j - a potion of curing {unknown}
 k - 2 potions of degeneration
 o - 2 potions of mutation
 t - a potion of haste
 u - a potion of ambrosia {unknown}
 w - a potion of lignification {unknown}
 x - a potion of brilliance {unknown}


   Skills:
 + Level 6.7 Fighting
 + Level 7.3 Ranged Weapons
 - Level 4.0 Dodging
 - Level 0.7 Stealth


You had 6 spell levels left.
You didn't know any spells.
Your spell library contained the following spells:

 Spells                   Type           Power      Damage    Failure   Level
 Slow                     Hex            0%         N/A       56%         1
 Sting                    Tmut/Pois      0%         1d3       56%         1
 Static Discharge         Conj/Air       0%         3-3/arc   71%         2
 Sublimation of Blood     Necr           0%         N/A       71%         2
 Wereblood                Tmut           0%         N/A       71%         2
 Confusing Touch          Hex            0%         N/A       90%         3
 Vampiric Draining        Necr           0%         2d6       90%         3
 Lightning Bolt           Conj/Air       0%         1d11      100%        5
 Maxwell's Capacitive Co  Air            0%         ∞         100%        8
 Summon Hydra             Summ           Unusable   N/A       N/A         7

Dungeon Overview and Level Annotations

Branches:
Dungeon (6/15)             Temple (1/1) D:4

Altars:
Ashenzari
Elyvilon
Fedhas
Gozag
Hepliaklqana
Makhleb
Okawaru
Qazlal
Wu Jian
Yredelemnul
The Shining One

Shops:
D:1 (:[

Annotations:
D:6 Maggie


Innate Abilities, Weirdness & Mutations

You have a pair of large horns on your head.
You reflexively headbutt those who attack you in melee.
You have large cloven feet.
Your flesh is heat resistant. (rF+)
You are strong-willed. (Will+)


Message History

Maggie draws you further into her thrall.
Maggie hits you from afar with a +0 halberd of flaming!
* * * LOW HITPOINT WARNING * * *
Maggie burns you.
* * * LOW HITPOINT WARNING * * *
You cannot move away from Maggie!
Unknown command.
You cannot move away from Maggie!
It was a potion of mutation.
You feel extremely strange.
Your feet thicken and deform.
You feel strong-willed. The horns on your head grow some more.
You feel resistant to heat. Maggie casts a spell at you.
The bolt of fire misses you.
It was a potion of degeneration.
There was something very wrong with that liquid.
You feel weakened.
You feel dopey.
You feel clumsy.
Maggie gestures wildly while chanting.
Maggie draws you further into her thrall.
It was a potion of haste.
You feel yourself speed up. Maggie misses you.
Fire: a) +0 shortbow
Press: ? - help, Q - select action, (/) - cycle Shift-Dir - straight line, f/p - Maggie
Aim: Maggie, wielding a +0 halberd of flaming and wearing +0 swamp dragon scales (moderately wounded, mesmerising, 69% to hit)
You shoot an arrow.
The arrow hits Maggie but does no damage.
Maggie is moderately wounded.
Fire: a) +0 shortbow
Press: ? - help, Q - select action, (/) - cycle Shift-Dir - straight line, f/p - Maggie
Aim: Maggie, wielding a +0 halberd of flaming and wearing +0 swamp dragon scales (moderately wounded, mesmerising, 69% to hit)
You shoot an arrow. The arrow barely misses Maggie.
Maggie closely misses you.
Fire: a) +0 shortbow
Press: ? - help, Q - select action, (/) - cycle Shift-Dir - straight line, f/p - Maggie
Aim: Maggie, wielding a +0 halberd of flaming and wearing +0 swamp dragon scales (moderately wounded, mesmerising, 69% to hit)
You shoot an arrow.
The arrow hits Maggie but does no damage.
Maggie is moderately wounded.
Maggie hits you from afar with a +0 halberd of flaming!
* * * LOW HITPOINT WARNING * * *
Maggie burns you.
You die...

### .. )
#.###.# .......
#.######.......
#.....<@.@.....
###.####..###..
!.... ..####
.^# #$# .. ..
### ###..


You could see Maggie (mesmerising).

Vanquished Creatures
  Sigmund (D:2)
  Menkaure (D:4)
  A black bear (D:5)
  A centaur (D:5)
  3 iguanas
  6 adders
  4 gnolls (D:5)
  4 worms
  A dart slug (D:1)
  4 orcs
  8 endoplasms
  A giant cockroach (D:1)
  4 goblins
  8 hobgoblins
  6 quokkas
  4 ball pythons
  4 bats
  4 kobolds
  2 rats
67 creatures vanquished.

Vanquished Creatures (others)
  A plant (D:1)
1 creature vanquished.

Grand Total: 68 creatures vanquished

Notes
Turn   | Place    | Note
-------+----------+-------------------------------------------
     0 | D:1      | safid the Minotaur Hunter began the quest for the Orb.
     0 | D:1      | Reached XP level 1. HP: 18/18 MP: 0/0
    21 | D:1      | Found Ralyoh's Book Emporium.
    85 | D:1      | Reached XP level 2. HP: 25/25 MP: 1/1
    85 | D:1      | Found Geij's Antique Armour Boutique.
   315 | D:1      | Found a faded altar of an unknown god.
   324 | D:1      | Got Plato's Teachings on Vitiation
   424 | D:1      | Found Odeonuif's Weapon Emporium.
   983 | D:2      | Identified the +1 robe of Qim Sey {Str+7 Int-5 Slay+2 SInv}
  1067 | D:2      | Reached XP level 3. HP: 31/31 MP: 2/2
  1160 | D:2      | Noticed Sigmund
  1166 | D:2      | Killed Sigmund
  1167 | D:2      | Reached skill level 5 in Ranged Weapons
  1167 | D:2      | Reached XP level 4. HP: 41/41 MP: 3/3
  1167 | D:2      | Reached XP level 5. HP: 47/47 MP: 4/4
  2073 | D:4      | Noticed Menkaure
  2079 | D:4      | Killed Menkaure
  2080 | D:4      | Reached skill level 5 in Fighting
  2080 | D:4      | Reached skill level 6 in Ranged Weapons
  2080 | D:4      | Reached XP level 6. HP: 32/56 MP: 5/5
  2428 | D:4      | Found a staircase to the Ecumenical Temple.
  2428 | D:4      | You fall into a shaft and drop 2 floors!
  2432 | D:5      | Entered Level 5 of the Dungeon
  2527 | Temple   | Entered the Ecumenical Temple
  2549 | Temple   | Became a worshipper of Warmaster Okawaru
  2788 | D:5      | Identified the +3 leather armour of the Wild Haggis {Dex+3}
  2930 | D:5      | Reached skill level 7 in Ranged Weapons
  2930 | D:5      | Reached XP level 7. HP: 57/63 MP: 6/6
  3374 | D:6      | Noticed Maggie
  3392 | D:6      | Gained mutation: You have large cloven feet. [potion of
                  | mutation]
  3392 | D:6      | Gained mutation: You are strong-willed. (Will+) [potion of
                  | mutation]
  3392 | D:6      | Gained mutation: You have a pair of large horns on your
                  | head. [potion of mutation]
  3392 | D:6      | Gained mutation: Your flesh is heat resistant. (rF+)
                  | [potion of mutation]
  3397 | D:6      | HP: 1/64 [Maggie/+0 halberd of flaming (17)]
  3397 | D:6      | Slain by Maggie

Illustrated notes

Levels and vault maps discovered:
D:1:      dpeg_arrival_connections, layout_basic, serial_shops, shop, shop,
          shop, shapermc_ecumenical_altar_rom_forum, chequers_big_river
D:2:      layout_rooms, corner_web_ring, uniq_sigmund
D:3:      layout_loops_ring
D:4:      layout_basic, minmay_temple_entry_mist, uniq_menkaure
D:5:      layout_rooms
D:6:      nicolae_BIG_FREAKIN_CUBE, layout_loops_ring, enter_ossuary_2,
          mrwooster_statue_mirror, nicolae_elemental_shop, uniq_maggie
Temple:   compressed_dpeg_triangle_lava_temple

Skill      XL: |  1  2  3  4  5  6 |
---------------+-------------------+-----
Fighting       | 3 4 5 6 |  6.7
Ranged Weapons | 5 6 7 |  7.3
Dodging        | 3 4 |  4.0
Stealth        | |  0.7

Action                   |  1- 3 |  4- 6 |  7- 9 || total
-------------------------+-------+-------+-------++-------
 Fire: Shortbow          |    71 |   109 |    53 ||   233
  Use: Potion            |       |       |     3 ||     3
Armor: Leather armour    |     4 |     2 |     3 ||     9
       Robe              |     6 |     4 |       ||    10
Dodge: Dodged            |     6 |    26 |    21 ||    53
